 Dungeon Crawl Stone Soup version 0.29-a0-559-g359e09b9d1 (webtiles) character file.

Game seed: 5357271211870574807

2153 cheechan the Covert (level 9, 0/49 (51) HPs)
             Began as an Octopode Venom Mage on June 9, 2022.
             Slain by an ice beast (2 damage)
             ... on level 6 of the Dungeon.
             The game lasted 00:25:17 (7148 turns).

cheechan the Covert (Octopode Venom Mage)           Turns: 7148, Time: 00:25:18

HP:   0/49 (51)     AC:  1    Str:  5    XL:     9   Next: 31%
MP:   13/16         EV: 15    Int: 23    God:
Gold: 245           SH:  0    Dex: 16    Spells: 6/18 levels left

rFire   + + +      SeeInvis .   k - +4 mace of Eternal Vigilance {vorpal, Drain rElec rF+++ Str-3}
rCold   x . .      Faith    .   (no shield)
rNeg    . . .      Spirit   .   (helmet restricted)
rPois   .          Reflect  .   i - amulet of magic regeneration
rElec   +          Harm     .   d - ring of fire
rCorr   .          Rampage  .   g - ring of fire
Will    .....                   s - +6 ring of intelligence
Stlth   +++++.....              r - ring of ice
HPRegen 0.16/turn               (no ring)
MPRegen 0.55/turn               (no ring)
                                (no ring)
                                (no ring)

@: lightly drained
A: almost no armour, amphibious, 8 rings, camouflage 1, gelatinous body 1,
(nimble swimmer 1), tentacles
a: no special abilities


You were on level 6 of the Dungeon.
You visited 1 branch of the dungeon, and saw 6 of its levels.
You also visited: Sewer.

You collected 245 gold pieces.

Inventory:

Hand Weapons
 b - a +3 spear
 j - a +3 quarterstaff of chaos
 k - the +4 mace of Eternal Vigilance (weapon) {vorpal, Drain rElec rF+++ Str-3}
   (You found it on level 2 of the Dungeon)

   It inflicts extra damage upon your enemies.
   Str:       It affects your strength (-3).
   rF:        It renders you almost immune to fire.
   rElec:     It insulates you from electricity.
   Drain:     It drains your maximum health when unequipped.
 x - a +2 whip of electrocution
 A - a +4 falchion of holy wrath
Missiles
 c - 5 poisoned darts
 f - 177 stones
 m - 5 boomerangs
 o - 2 javelins
Magical Staves
 e - a staff of cold
Jewellery
 d - a ring of fire (left tentacle)
 g - a ring of fire (right tentacle)
 i - an amulet of magic regeneration (around mantle)
 r - a ring of ice (on tentacle)
 s - a +6 ring of intelligence (on tentacle)
 C - an amulet of guardian spirit
Wands
 q - a wand of digging (3)
Scrolls
 h - 3 scrolls of enchant armour
 y - 4 scrolls of teleportation
 z - a scroll of fog
Potions
 a - a potion of magic
 l - a potion of haste {unknown}
 n - 3 potions of brilliance
 p - a potion of resistance {unknown}
 t - 2 potions of lignification
 u - a potion of invisibility {unknown}
 v - a potion of flight {unknown}
 w - 3 potions of curing
 B - 2 potions of berserk rage {unknown}


   Skills:
 + Level 5.6 Dodging
 + Level 8.1 Stealth
 + Level 5.2 Spellcasting
 + Level 5.3 Transmutations
 + Level 7.4 Poison Magic


You had 6 spell levels left.
You knew the following spells:

 Your Spells              Type           Power      Damage    Failure   Level
a - Sting                 Tmut/Pois      100%       1d8       1%          1
b - Poisonous Vapours     Pois/Air       46%        N/A       3%          2
c - Olgreb's Toxic Radia  Pois           40%        N/A       4%          4
d - Mephitic Cloud        Conj/Pois/Air  17%        N/A       10%         3
e - Call Imp              Summ           6%         N/A       14%         2

Your spell library contained the following spells:

 Spells                   Type           Power      Damage    Failure   Level
 Beastly Appendage        Tmut           60%        N/A       1%          1
 Wereblood                Tmut           30%        N/A       1%          2
 Spider Form              Tmut/Pois      35%        N/A       1%          3
 Passwall                 Tmut/Erth      15%        N/A       4%          2
 Magic Dart               Conj           24%        1d4       10%         1
 Sandblast                Erth           12%        2d6       10%         1
 Sublimation of Blood     Necr           6%         N/A       14%         2
 Call Canine Familiar     Summ           6%         N/A       28%         3
 Portal Projectile        Hex/Tloc       12%        N/A       28%         3
 Stone Arrow              Conj/Erth      12%        3d7       28%         3
 Leda's Liquefaction      Hex/Erth       3%         N/A       67%         4
 Summon Hydra             Summ           3%         N/A       100%        7


Dungeon Overview and Level Annotations

Branches:
Dungeon (6/15)              Sewer (visited)
 Temple: D:4-7

Altars:
Vehumet
Wu Jian

Shops:
D:6 !!(

Annotations:
D:5 3 runed translucent doors, Taurus's ghost, novice MiFi


Innate Abilities, Weirdness & Mutations

You cannot wear most types of armour.
You are amphibious.
You can wear up to eight rings at the same time.
Your skin changes colour to match your surroundings (Stealth+).
Your rubbery body absorbs attacks. (AC +1, EV +1)
((You are camouflaged when in or above water. (Stealth+)))
You have tentacles for arms and can constrict up to eight enemies at once.


Message History

A beastly little devil appears in a puff of flame.
Casting: Call Imp (safe; 14% risk of failure)
Confirm with . or Enter, or press ? or * to list all spells.
Aiming: Sting (safe; 1% risk of failure)
Press: ? - help, Shift-Dir - straight line, f/p - ice beast
Aim: an ice beast (moderately wounded, ally target, 78% to hit)
Really fire in your crimson imp's direction?
The sting misses the ice beast.
The sting hits your crimson imp.
Your crimson imp partially resists.
Your crimson imp is severely wounded.
Your crimson imp disappears in a puff of smoke!
The ice beast barely misses you.
Casting: Sting (safe; 1% risk of failure)
Confirm with . or Enter, or press ? or * to list all spells.
Aiming: Sting (safe; 1% risk of failure)
Press: ? - help, Shift-Dir - straight line, f/p - ice beast
Aim: an ice beast (moderately wounded, 78% to hit)
The sting hits the ice beast.
The ice beast is poisoned.
The ice beast is moderately wounded.
The ice beast barely misses you.
Your magical contamination has completely faded away.
Casting: Sting (safe; 1% risk of failure)
Confirm with . or Enter, or press ? or * to list all spells.
Aiming: Sting (safe; 1% risk of failure)
Press: ? - help, Shift-Dir - straight line, f/p - ice beast
Aim: an ice beast (moderately wounded, poisoned, 78% to hit)
The sting hits the ice beast but does no damage.
The ice beast looks even sicker.
The ice beast is moderately wounded.
The ice beast hits you. The ice beast freezes you!
You feel a terrible chill!
Okay, then.
Casting: Sting (safe; 1% risk of failure)
Confirm with . or Enter, or press ? or * to list all spells.
A beastly little devil appears in a puff of flame.
The ice beast closely misses you. The ice beast attacks as you move away!
The ice beast hits you. The ice beast freezes you!!
You feel a terrible chill!
* * * LOW HITPOINT WARNING * * *
The ice beast attacks as you move away! The ice beast hits you.
You die...

### #.#.## ##.#.# #.#
##.#.## ##.#.# ..#
##.#.## ##.#.## ###
##.#.## ##.#.## ##.#.##
##.#.## .#.##.#.###.#.##
#.#.##5#.#.#.##
#.#.##Y#.#.##
###.#.##@#.##
#.##.#.##.####
#########..##.#.###..#
............##...#...##.
############............
......# ##.##.....###
#####.# #.##.....#
#.#######.####.###
#.........# .#


You could see an ice beast (very poisoned, ally target) and a friendly crimson
imp (summoned).

Vanquished Creatures
  Pikel (D:6)
  Grinder (D:3)
  Sigmund (D:2)
  Eustachio (D:6)
  Menkaure (D:6)
  An ice beast (D:5)
  A sky beast (D:6)
  A black bear (D:4)
  A necrophage (D:5)
  3 wights (D:6)
  3 jellies
  An orc priest (D:4)
  Crazy Yiuf (D:2)
  2 iguanas
  Terence (D:2)
  An orc wizard (D:5)
  10 adders
  4 river rats (Sewer)
  A white imp (D:6)
  An ufetubus (D:6)
  5 dart slugs
  15 orcs
  6 ball pythons
  A bat (D:2)
  9 endoplasms
  5 giant cockroaches
  4 goblins
  6 hobgoblins
  11 jackals
  5 kobolds
  6 quokkas
  6 frilled lizards
  12 rats
128 creatures vanquished.

Vanquished Creatures (collateral kills)
  A black bear (D:5)
  An adder (D:5)
2 creatures vanquished.

Vanquished Creatures (others)
  A plant (D:1)
1 creature vanquished.

Grand Total: 131 creatures vanquished

Notes
Turn   | Place    | Note
-------+----------+-------------------------------------------
     0 | D:1      | cheechan the Octopode Venom Mage began the quest for the
                  | Orb.
     0 | D:1      | Reached XP level 1. HP: 11/11 MP: 3/3
   297 | D:1      | Reached XP level 2. HP: 10/17 MP: 0/5
   300 | D:1      | Learned a level 2 spell: Poisonous Vapours
   308 | D:1      | Reached skill level 3 in Stealth
   869 | D:1      | Found a faded altar of an unknown god.
  1151 | D:2      | Reached XP level 3. HP: 16/21 MP: 6/6
  1463 | D:2      | Noticed Sigmund
  1475 | D:2      | Killed Sigmund
  1476 | D:2      | Reached skill level 4 in Stealth
  1476 | D:2      | Reached XP level 4. HP: 15/27 MP: 1/8
  1476 | D:2      | Reached XP level 5. HP: 17/31 MP: 1/9
  1637 | D:2      | Noticed Terence
  1650 | D:2      | Killed Terence
  1653 | D:2      | Reached XP level 6. HP: 14/36 MP: 0/10
  1877 | D:2      | Found a runed translucent door.
  1878 | D:2      | Noticed Crazy Yiuf
  1898 | D:2      | Killed Crazy Yiuf
  1919 | D:2      | Identified the +4 mace of Eternal Vigilance {vorpal, Drain
                  | rElec rF+++ Str-3}
  2491 | D:3      | Noticed Grinder
  2504 | D:3      | Killed Grinder
  2505 | D:3      | Reached skill level 5 in Stealth
  2505 | D:3      | Reached skill level 5 in Poison Magic
  2505 | D:3      | Reached XP level 7. HP: 22/41 MP: 7/12
  2532 | D:3      | Learned a level 4 spell: Olgreb's Toxic Radiance
  2536 | D:3      | Learned a level 3 spell: Mephitic Cloud
  3602 | D:4      | Learned a level 2 spell: Call Imp
  3645 | D:4      | Found a radiant altar of Vehumet.
  3687 | D:4      | Found an ornate altar of the Wu Jian Council.
  3924 | D:5      | Entered Level 5 of the Dungeon
  3933 | D:5      | Found a glowing drain.
  3947 | Sewer    | Entered a sewer
  4439 | D:5      | Reached skill level 6 in Stealth
  4756 | D:5      | Reached XP level 8. HP: 34/46 MP: 14/14
  4875 | D:5      | Found a runed translucent gate.
  4875 | D:5      | Found a runed translucent gate.
  4875 | D:5      | Found a runed translucent gate.
  4876 | D:5      | Noticed Taurus's ghost (novice MiFi)
  4910 | D:5      | HP: 2/46 [ice beast (16)]
  5501 | D:5      | Identified the +5 ring mail of Inonocro {MP+9 Str-4 SInv
                  | Stlth+}
  5852 | D:6      | Noticed Menkaure
  5868 | D:6      | Killed Menkaure
  5872 | D:6      | Noticed Pikel
  5892 | D:6      | Killed Pikel
  5893 | D:6      | Reached skill level 5 in Dodging
  5893 | D:6      | Reached skill level 7 in Stealth
  5893 | D:6      | Reached XP level 9. HP: 28/51 MP: 1/16
  6120 | D:6      | Found Molag's Weapon Boutique.
  6142 | D:6      | Found Nualuil's Distillery.
  6190 | D:6      | Noticed Eustachio
  6210 | D:6      | Killed Eustachio
  6211 | D:6      | Reached skill level 5 in Spellcasting
  6211 | D:6      | Reached skill level 5 in Transmutations
  6512 | D:6      | Reached skill level 8 in Stealth
  6986 | D:6      | Found Emmuper's Distillery.
  7147 | D:6      | HP: 2/49 [ice beast (19)]
  7148 | D:6      | Slain by an ice beast

Illustrated notes

Levels and vault maps discovered:
D:1:      onia_arrival_handbag, layout_basic, serial_forest,
          infiniplex_forest_clump_curved, infiniplex_forest_clump_small,
          infiniplex_forest_lined_room_, infiniplex_forest_lined_3,
          infiniplex_forest_straight_4, infiniplex_forest_diagonal,
          infiniplex_forest_end_2, hellmonk_ecumenical_altar_dog_temple
D:2:      layout_rooms, grunt_decor_cap, uniq_terence, uniq_crazy_yiuf_cottage,
          uniq_sigmund
D:3:      minmay_door_path, layout_loops_corners, uniq_grinder
D:4:      layout_basic, mainiacjoe_overflow_two_lobes, minivault_27
D:5:      layout_basic, portal_sewer_entry_f, ebering_ghost_rock_garden
D:6:      minmay_inner_zag, layout_loops_ring, minmay_temple_entry_hall,
          serial_shops, kennysheep_mini_moat,
          nicolae_shop_competitors_out_of_business, shop,
          nicolae_shop_bloodbath_and_beyond, uniq_eustachio, uniq_menkaure,
          uniq_pikel

Skill      XL: |  1  2  3  4  5  6  7  8  9 |
---------------+----------------------------+-----
Stealth        | 3 4 5 6 7 8 |  8.1
Poison Magic   | 4 5 7 |  7.4
Dodging        | 3 4 5 |  5.6
Transmutations | 2 3 4 5 |  5.3
Spellcasting   | 3 4 5 |  5.2

Action                   |  1- 3 |  4- 6 |  7- 9 || total
-------------------------+-------+-------+-------++-------
Melee: Club              |    44 |       |       ||    44
       Tentacles         |    14 |     7 |    28 ||    49
       Constrict         |    11 |     9 |    23 ||    43
       Unarmed           |     2 |       |       ||     2
       Punch             |     1 |       |     3 ||     4
       Scythe            |       |     5 |       ||     5
       Mace              |       |    18 |   125 ||   143
 Cast: Sting             |    34 |    16 |   102 ||   152
       Poisonous Vapours |     2 |     9 |    14 ||    25
       Mephitic Cloud    |       |       |     5 ||     5
       Olgreb's Toxic Ra |       |       |     1 ||     1
       Call Imp          |       |       |    17 ||    17
  Use: Scroll            |     1 |       |    13 ||    14
       Potion            |       |       |     1 ||     1
 Stab: Sleeping          |     3 |     1 |    10 ||    14
       Confused          |       |       |     1 ||     1
Armor: Skin              |     5 |       |    12 ||    17
Dodge: Dodged            |    59 |    22 |   113 ||   194

Table legend: (Time is in decaauts)
 A = Elapsed time spent in this place.
 B = Non-inter-level travel time spent in this place.
 C = Inter-level travel time spent in this place.
 D = Time resting spent in this place.
 E = Time spent auto-exploring this place.
 F = Levels seen in this place.
 G = Mean time per level.
                   A        B        C        D        E       F      G
               +--------+--------+--------+--------+--------+-----+--------+
         Total |   7218 |   7218 |      0 |   1977 |      0 |   7 | 1031.1 |
       Dungeon |   6758 |   6758 |      0 |   1796 |      0 |   6 | 1126.3 |
         Sewer |    459 |    459 |      0 |    181 |      0 |   1 |  459.0 |
               +--------+--------+--------+--------+--------+-----+--------+

Top non-repeatable levels by time:
     D:5: 1444 daAuts
     D:6: 1355 daAuts
     D:2: 1140 daAuts
     D:3: 1080 daAuts
     D:1: 983 daAuts
     D:4: 754 daAuts
   Sewer: 459 daAuts
